 Dungeon Crawl Stone Soup version 0.22.1-1-ga44c0e5 (webtiles) character file.

679 magicm the Cudgeler (level 7, 0/54 HPs)
             Began as a Demonspawn Chaos Knight on Nov 10, 2018.
             Killed from afar by Ijyb (5 damage)
             ... with a wand of acid (4)
             ... on level 5 of the Dungeon.
             The game lasted 00:21:37 (3822 turns).

magicm the Cudgeler (Demonspawn Chaos Knight)       Turns: 3822, Time: 00:21:39

Health: 0/54       AC:  8    Str: 18    XL:     7   Next: 34%
Magic:  7/7        EV: 10    Int: 15    God:    Xom [*.....]
Gold:   211        SH:  0    Dex: 14    Spells: 6/6 levels left

rFire    . . .     SeeInvis +   a - +0 mace (chaos)
rCold    + . .     Gourm    .   (no shield)
rNeg     . . .     Faith    .   k - +0 scale mail
rPois    .         Spirit   .   (no helmet)
rElec    .         Reflect  .   b - scarf {repulsion}
rCorr    .         Harm     .   p - +2 pair of gloves {Str+3}
MR       +....                  (no boots)
Stlth    ++........             (no amulet)
HPRegen  0.18/turn              (no ring)
MPRegen  0.10/turn              (no ring)

@: about to teleport, corroded, very slightly contaminated, repel missiles
A: hooves 1, molten scales 1, see invisible, clever 1, cold resistance 1, magic
resistance 1, nightstalker 1, strong 1, freezing cloud immunity
a: Renounce Religion


You were on level 5 of the Dungeon.
You worshipped Xom.
You were a special plaything of Xom.
You were not hungry.

You visited 2 branches of the dungeon, and saw 6 of its levels.

You collected 211 gold pieces.

Inventory:

Hand Weapons
 a - a +0 mace of chaos (weapon)
 l - a +0 hand axe
Armour
 b - a scarf of repulsion (worn)
 e - a +2 cloak
 k - a +0 scale mail (worn)
 p - a +2 pair of gloves of strength (worn)
Scrolls
 d - 3 scrolls of remove curse
 n - a scroll of teleportation
Potions
 g - 2 potions of brilliance
 i - a potion of might
 o - a potion of resistance {unknown}
Comestibles
 c - 4 rations


   Skills:
 + Level 4.1 Fighting
 + Level 5.2 Maces & Flails
 + Level 3.3 Armour
 + Level 2.2 Dodging
 + Level 3.6 Stealth


You had 6 spell levels left.
You didn't know any spells.
Your spell library contained the following spells:

 Spells                   Type           Power        Failure   Level  Hunger
 Confusing Touch          Hex            #.....       63%         1    ##.....
 Confuse                  Hex            #.......     94%         3    ####...
 Gell's Gravitas          Tloc           #.........   94%         3    ####...
 Petrify                  Tmut/Erth      #.......     100%        4    #####..
 Metabolic Englaciation   Hex/Ice        #.........   100%        5    ######.
 Yara's Violent Unravell  Hex/Tmut       #.........   100%        5    ######.


Dungeon Overview and Level Annotations

Branches:
Dungeon (5/15)             Temple (1/1) D:4

Altars:
Ashenzari
Dithmenos
Elyvilon
Hepliaklqana
Makhleb
Okawaru
Qazlal
Ru
Trog
Uskayaw
Vehumet
Wu Jian
Yredelemnul
Zin
The Shining One

Annotations:
D:5 Ijyb


Innate Abilities, Weirdness & Mutations

You have large cloven feet.
You are partially covered in molten scales. (AC +2)
Your flesh is cold resistant. (rC+)
You are slightly more attuned to the shadows.
You are immune to freezing clouds.
You have supernaturally acute eyesight. (SInv)
Your mind is acute. (Int +2)
You are resistant to hostile enchantments. (MR+)
Your muscles are strong. (Str +2)


Message History

The bolt of acid hits you! The acid corrodes you!
You are splashed with acid!
The acid burns!
It is a wand of acid (5).
You closely miss Ijyb. Your kick misses Ijyb.
Ijyb zaps a wand.
The bolt of acid hits you!
* * * LOW HITPOINT WARNING * * *
You are splashed with acid!
The acid burns!
* * * LOW HITPOINT WARNING * * *
You hit Ijyb but do no damage.
Ijyb is poisoned.
Ijyb closely misses you.
Ijyb is nearby!
Blink to where?
Press: ? - help, Dir - move target cursor You are very lightly contaminated with residual magic.
As you read the scroll of blinking, it crumbles to dust.
Found 26 stones and a hunting sling.
Found an escape hatch in the ceiling.
You open the door.
There is an open door here.
As you read the scroll of teleportation, it crumbles to dust.
You feel strangely unstable.
Ijyb zaps a wand.
The bolt of acid hits you!
You die...

.........#####
.......#+####
............#
.....>..g...#
.(.##.......###
#.........#
#.....<####
........g#####
........)'.@.#
#.##.#....#####
.....#....# ..
#....# ######


You could see Ijyb.

Vanquished Creatures
  Grinder (D:3)
  Blork the orc (D:4)
  A howler monkey (D:4)
  A bullfrog zombie (D:5)
  A hound (D:4)
  Crazy Yiuf (D:2)
  An orc priest (D:3)
  2 worker ants (D:4)
  2 hound skeletons (D:4)
  4 gnolls (D:4)
  5 adders
  2 oozes
  3 worms
  2 dart slugs (D:1)
  8 leopard geckos
  An orc (shapeshifter) (D:4)
  3 orcs
  6 giant cockroaches
  7 goblins
  6 hobgoblins
  11 jackals
  2 quokkas
  7 bats
  3 frilled lizards
  6 kobolds
  10 rats
  A fungus (D:2)
98 creatures vanquished.

Vanquished Creatures (collateral kills)
  An orc (D:3)
1 creature vanquished.

Vanquished Creatures (others)
  A fungus (D:2)
1 creature vanquished.

Grand Total: 100 creatures vanquished

Notes
Turn   | Place    | Note
-------+----------+-------------------------------------------
     0 | D:1      | magicm the Demonspawn Chaos Knight began the quest for the
                  | Orb.
     0 | D:1      | Reached XP level 1. HP: 18/18 MP: 1/1
   110 | D:1      | Reached skill level 3 in Maces & Flails
   111 | D:1      | Gained mutation: Your flesh is cold resistant. (rC+)
                  | [demonic ancestry]
   111 | D:1      | Reached XP level 2. HP: 6/24 MP: 2/2
   153 | D:1      | XOM: cloud trail
   178 | D:1      | XOM: god gift: scroll of blinking
   318 | D:1      | Reached skill level 1 in Dodging
   356 | D:1      | Gained mutation: You are slightly more attuned to the
                  | shadows. [demonic ancestry]
   356 | D:1      | Reached XP level 3. HP: 22/29 MP: 3/3
   414 | D:1      | XOM: harmless Pois miscast
   448 | D:1      | XOM: divination: detect items
   532 | D:1      | XOM: give mutations
   532 | D:1      | Gained mutation: You are frail. (-10% HP) [Xom's mischief]
   532 | D:1      | Lost mutation: You are frail. (-10% HP) [Xom's mischief]
   532 | D:1      | Gained mutation: Your mind is acute. (Int +2) [Xom's
                  | mischief]
   674 | D:1      | XOM: give mutations
   674 | D:1      | Gained mutation: You are resistant to hostile enchantments.
                  | (MR+) [Xom's mischief]
   674 | D:1      | Gained mutation: Your muscles are strong. (Str +2) [Xom's
                  | mischief]
   774 | D:1      | XOM: mild Summ miscast
   942 | D:2      | Found a white marble altar of Elyvilon.
  1024 | D:2      | XOM: mild Pois miscast
  1168 | D:2      | Gained mutation: You are partially covered in molten
                  | scales. (AC +2) [demonic ancestry]
  1168 | D:2      | Reached XP level 4. HP: 35/35 MP: 4/4
  1674 | D:2      | Found a runed door.
  1682 | D:2      | Noticed Crazy Yiuf
  1783 | D:2      | Killed Crazy Yiuf
  1783 | D:2      | Reached skill level 1 in Stealth
  2276 | D:3      | XOM: summons 4 friendly demons
  2286 | D:3      | Reached skill level 4 in Maces & Flails
  2286 | D:3      | Reached XP level 5. HP: 14/42 MP: 5/5
  2336 | D:3      | XOM: harmless Chrm miscast
  2369 | D:3      | XOM: god gift: hand axe {god gift}
  2412 | D:3      | Noticed Grinder
  2414 | D:3      | XOM: enchant monster (good)
  2415 | D:3      | XOM: enchant monster (good)
  2427 | D:3      | XOM: summons friendly iron imp
  2431 | D:3      | Killed Grinder
  2431 | D:3      | Gained mutation: You have large cloven feet. [demonic
                  | ancestry]
  2431 | D:3      | Reached XP level 6. HP: 30/48 MP: 6/6
  2615 | D:3      | XOM: give mutation
  2615 | D:3      | Gained mutation: You have supernaturally acute eyesight.
                  | (SInv) [Xom's grace]
  2878 | D:4      | Noticed Blork the orc
  2883 | D:4      | Killed Blork the orc
  2990 | D:4      | XOM: polymorph orc -> frilled lizard
  3002 | D:4      | Gained mutation: You are immune to freezing clouds.
                  | [demonic ancestry]
  3002 | D:4      | Reached XP level 7. HP: 26/53 MP: 7/7
  3125 | D:4      | Found a staircase to the Ecumenical Temple.
  3133 | Temple   | Entered the Ecumenical Temple
  3302 | D:4      | Reached skill level 5 in Maces & Flails
  3379 | D:4      | XOM: 1-stop teleportation journey
  3423 | D:4      | XOM: polymorph howler monkey -> gnoll
  3541 | D:4      | Found a shadowy altar of Dithmenos.
  3661 | D:4      | XOM: harmless Chrm miscast
  3771 | D:5      | Entered Level 5 of the Dungeon
  3803 | D:5      | XOM: 1-stop teleportation journey
  3804 | D:5      | Noticed Ijyb
  3822 | D:5      | Killed from afar by Ijyb

Skill      XL: |  1  2  3  4  5  6  7 |
---------------+----------------------+-----
Maces & Flails | 3 4 5 |  5.2
Dodging        | 1 2 |  2.2
Armour         | 2 3 |  3.3
Stealth        | 1 2 3 |  3.6
Fighting       | 4 |  4.1

Action                   |  1- 3 |  4- 6 |  7- 9 || total
-------------------------+-------+-------+-------++-------
Melee: Mace              |   115 |   200 |    50 ||   365
       Kick              |       |    17 |    11 ||    28
  Use: Scroll            |     6 |     2 |     5 ||    13
       Potion            |     1 |     2 |       ||     3
 Stab: Sleeping          |     2 |     6 |     2 ||    10
       Confused          |     1 |       |       ||     1
       Petrified         |       |    11 |       ||    11
       Petrifying        |       |     1 |       ||     1
  Eat: Ration            |     1 |     1 |     1 ||     3
Armor: Leather armour    |    40 |     6 |       ||    46
       Ring mail         |       |    56 |       ||    56
       Scale mail        |       |    28 |    30 ||    58
Dodge: Dodged            |    84 |   126 |    29 ||   239
